 Dungeon Crawl Stone Soup version 0.31.0-32-g396128a36d (webtiles) character file.

Game seed: 13240484955030905066

1388 PaiMei the Grave Robber (level 8, -1/52 (61) HPs)
             Began as a Demonspawn Necromancer on Apr 2, 2024.
             Slain by a wight
             ... wielding a +2 spear
              (7 damage)
             ... in an ossuary.
             The game lasted 00:09:09 (5386 turns).

PaiMei the Grave Robber (Demonspawn Necromancer)    Turns: 5386, Time: 00:09:09

HP:   -1/52 (61)    AC:  4    Str:  9    XL:     8   Next: 40%
MP:   15/15         EV: 21    Int: 18    God:
Gold: 127           SH:  0    Dex: 13    Spells: 9/17 levels left

rFire   . . .        f - +0 mace (protect)
rCold   . . .        (no shield)
rNeg    . . .        a - +0 robe
rPois   .            (no helmet)
rElec   .            u - +1 cloak
rCorr   .            (no gloves)
SInv    .            (no boots)
Will    .....        h - amulet of magic regeneration
Stlth   ++           g - +5 ring of evasion
HPRegen 0.28/turn    (no ring)
MPRegen 0.54/turn

%: no passive effects
@: heavily drained
A: claws 1, repulsion field 2, foul stench 1
a: no special abilities


You were in an ossuary.
You visited 1 branch of the dungeon, and saw 5 of its levels.
You also visited: Sewer and Ossuary.

You collected 127 gold pieces.

Inventory:

Hand Weapons
 f - a +0 mace of protection (weapon)
 k - a +0 dagger of venom
 v - a +0 whip of flaming
Missiles
 e - 13 poisoned darts (quivered)
Armour
 a - a +0 robe (worn)
 u - a +1 cloak (worn)
Jewellery
 g - a +5 ring of evasion (left claw)
 h - an amulet of magic regeneration (around neck)
Wands
 t - a wand of polymorph (7)
Scrolls
 c - 2 scrolls of identify {unknown}
 d - a scroll of fog {unknown}
 i - a scroll of vulnerability {unknown}
 l - 3 scrolls of teleportation {unknown}
 m - 2 scrolls of fear {unknown}
 n - 3 scrolls of noise {unknown}
 s - a scroll of revelation {unknown}
 w - a scroll of immolation {unknown}
Potions
 b - a potion of magic
 j - 4 potions of enlightenment {unknown}
 o - a potion of mutation {unknown}
 p - 2 potions of brilliance {unknown}
 q - a potion of curing {unknown}
 r - a potion of resistance {unknown}


   Skills:
 + Level 4.8 Fighting
 + Level 5.0 Dodging
 - Level 2.0 Stealth
 + Level 5.0 Spellcasting
 + Level 7.2 Necromancy


You had 9 spell levels left.
You knew the following spells:

 Your Spells              Type           Power      Damage    Failure   Level
a - Necrotise             Necr           100%       1d9       1%          1
b - Vampiric Draining     Necr           30%        2d8       1%          3
c - Animate Dead          Necr           30%        N/A       7%          4

Your spell library contained the following spells:

 Spells                   Type           Power      Damage    Failure   Level
 Sublimation of Blood     Necr           30%        N/A       1%          2
 Foxfire                  Conj/Fire      16%        2x1d4     13%         1
 Freeze                   Ice            16%        1d4       13%         1
 Curse of Agony           Necr           30%        N/A       19%         5
 Blink                    Tloc           8%         N/A       21%         2
 Call Imp                 Summ           8%         N/A       21%         2
 Lesser Beckoning         Tloc           8%         N/A       21%         2
 Momentum Strike          Conj/Tloc      8%         3d8       21%         2
 Frozen Ramparts          Ice            8%         1d2       36%         3
 Hailstorm                Conj/Ice       4%         3d5       36%         3
 Plasma Beam              Fire/Air       2%         2x1d12    100%        6
 Starburst                Conj/Fire      2%         6d3       100%        6
 Summon Hydra             Summ           2%         N/A       100%        7


Dungeon Overview and Level Annotations

Branches:
Dungeon (5/15)              Sewer (visited)         Ossuary (1/1)
 Temple: D:4-7

Altars:


Innate Abilities, Weirdness & Mutations

You have sharp fingernails.
You are surrounded by a moderate repulsion field. (EV +3)
You may rarely emit foul miasma when damaged in melee.


Message History

You feel sick.
You feel sick.
The wight hits you from afar with a +2 spear!
You feel drained.
You feel sick.
You are no longer poisoned.
The wight hits you from afar with a +2 spear.
You feel drained. The wight attacks as it pursues you! The wight misses you.
The wight attacks as it pursues you!
The wight hits you from afar with a +2 spear.
You feel drained. The wight attacks as it pursues you!
The wight barely misses you. The wight misses you.
The wight attacks as it pursues you! The wight barely misses you.
The wight attacks as it pursues you! The wight completely misses you.
The wight attacks as it pursues you! The wight closely misses you.
The wight completely misses you.
The wight hits you from afar with a +2 halberd!
You hit the wight.
Your weapon exudes an aura of protection.
The wight is lightly damaged.
The wight misses you. The wight hits you but does no damage.
The wight hits you with a +2 spear!
You hit the wight.
The wight is moderately damaged.
The wight hits you from afar with a +2 halberd.
You feel drained. The wight barely misses you.
You closely miss the wight.
The wight is moderately damaged.
The wight completely misses you. The wight misses you.
The wight hits you but does no damage. The wight misses you.
The wight completely misses you. The wight misses you.
The wight closely misses you. The wight attacks as it pursues you!
The wight hits you from afar with a +2 halberd!
* * * LOW HITPOINT WARNING * * *
You feel drained.
* * * LOW HITPOINT WARNING * * *
The wight hits you from afar with a +2 spear!
You die...

##########################
#........@..z.............
#.∩........z............∩.
#.......###########.......
#......##...... ##......
#.....##...# # ##.....
#....##...# ... ##....
#....#...##.!??.# #....
#....'...'...???. #....
#....#...##.??!.# #....


You could see 2 wights.

Vanquished Creatures
  Pikel (D:4)
  Pargi (Sewer)
  2 lemures (D:4)
  A phantom (D:4)
  A brain worm (Sewer)
  2 scorpions (D:4)
  A burial acolyte (Ossuary)
  4 bombardier beetles
  Crazy Yiuf (D:4)
  A jelly (Sewer)
  A sleepcap (D:4)
  Terence (D:2)
  An iguana (D:4)
  A mummy (Ossuary)
  2 adders
  8 gnolls
  A river rat (D:4)
  A ribbon worm (D:3)
  4 dart slugs
  8 orcs (D:4)
  3 ball pythons (D:4)
  7 endoplasms
  6 giant cockroaches
  6 goblins
  7 hobgoblins
  4 jackals (D:3)
  5 quokkas
  3 bats
  4 frilled lizards
  6 gnoll skeletons (Ossuary)
  11 kobolds
  6 kobold skeletons (Ossuary)
  8 orc skeletons (Ossuary)
  6 rats
125 creatures vanquished.

Vanquished Creatures (collateral kills)
  A gnoll bouda (D:5)
  A gnoll (D:5)
  A ball python (D:4)
3 creatures vanquished.

Grand Total: 128 creatures vanquished

Notes
Turn   | Place    | Note
-------+----------+-------------------------------------------
     0 | D:1      | PaiMei the Demonspawn Necromancer began the quest for the
                  | Orb.
     0 | D:1      | Reached XP level 1. HP: 13/13 MP: 3/3
    39 | D:1      | Gained mutation: You may rarely emit foul miasma when
                  | damaged in melee. [demonic ancestry]
    39 | D:1      | Reached XP level 2. HP: 12/19 MP: 0/5
   931 | D:2      | Noticed a bombardier beetle
   934 | D:2      | Gained mutation: You are surrounded by a mild repulsion
                  | field. (EV +2) [demonic ancestry]
   934 | D:2      | Reached XP level 3. HP: 25/25 MP: 3/6
  1178 | D:2      | Noticed Terence
  1263 | D:2      | Killed Terence
  1264 | D:2      | Reached skill level 1 in Fighting
  1627 | D:2      | Reached skill level 5 in Necromancy
  1627 | D:2      | Reached XP level 4. HP: 32/32 MP: 2/8
  1631 | D:2      | Learned a level 3 spell: Vampiric Draining
  1636 | D:2      | Learned a level 4 spell: Animate Dead
  1939 | D:3      | Gained mutation: You have sharp fingernails. [demonic
                  | ancestry]
  1939 | D:3      | Reached XP level 5. HP: 30/38 MP: 5/9
  3202 | D:3      | Found a faded altar of an unknown god.
  3279 | D:4      | Reached XP level 6. HP: 46/46 MP: 7/10
  3376 | D:4      | Found a glowing drain.
  3392 | Sewer    | Entered a sewer
  3548 | Sewer    | Noticed Pargi
  3557 | Sewer    | Killed Pargi
  3558 | Sewer    | Gained mutation: You are surrounded by a moderate repulsion
                  | field. (EV +3) [demonic ancestry]
  3558 | Sewer    | Reached XP level 7. HP: 29/52 MP: 2/12
  3764 | D:4      | Reached skill level 6 in Necromancy
  3812 | D:4      | Found a runed translucent door.
  3813 | D:4      | Noticed Crazy Yiuf
  4081 | D:4      | Noticed Pikel
  4196 | D:4      | Killed Pikel
  4197 | D:4      | Reached XP level 8. HP: 55/61 MP: 3/14
  4451 | D:4      | Killed Crazy Yiuf
  4517 | D:5      | Entered Level 5 of the Dungeon
  4589 | D:4      | Reached skill level 7 in Necromancy
  4845 | D:5      | Found a sand-covered staircase.
  4849 | Ossuary  | Entered an ossuary
  4923 | Ossuary  | Reached skill level 5 in Spellcasting
  5341 | Ossuary  | Reached skill level 5 in Dodging
  5386 | Ossuary  | Slain by a wight

Illustrated notes

Levels and vault maps discovered:
D:1:      hellmonk_arrival_library, layout_basic
D:2:      layout_basic, hangedman_decor_diamond_cutter, minmay_strange_pillars,
          uniq_terence
D:3:      layout_loops_corners, hellmonk_ecumenical_altar_inner_sanctum
D:4:      layout_basic, portal_sewer_entry_b, grunt_ministairs_15, uniq_pikel,
          uniq_crazy_yiuf_cottage
D:5:      layout_rooms, minmay_temple_entry_glassed_door,
          nicolae_ossuary_entry_false_entrances, uniq_duvessa
Ossuary:  ossuary_due_mausoleum

Skill      XL: |  1  2  3  4  5  6  7  8 |
---------------+-------------------------+-----
Dodging        | 2 3 4 5 |  5.0
Stealth        | 2 |  2.0
Fighting       | 1 2 3 4 |  4.8
Necromancy     | 5 6 7 |  7.2
Spellcasting   | 3 4 5 |  5.0

Action                     |  1- 3 |  4- 6 |  7- 9 || total
---------------------------+-------+-------+-------++-------
  Melee: Unarmed           |     7 |       |       ||     7
         Hand axe          |    10 |       |       ||    10
         Mace              |     3 |    19 |   215 ||   237
         Punch             |       |       |     4 ||     4
   Cast: Necrotise         |    53 |   110 |    42 ||   205
         Vampiric Draining |       |     9 |    22 ||    31
 Armour: Robe              |    14 |    25 |    86 ||   125
  Dodge: Dodged            |    18 |    59 |   334 ||   411
